 Dungeon Crawl Stone Soup version 0.17.1-3-g152610e (webtiles) character file.

3248 Stendarr the Conjurer (level 9, -11/74 HPs)
             Began as a Troll Fire Elementalist on Apr 11, 2016.
             Was a Believer of Sif Muna.
             Rolled over by a boulder beetle (38 damage)
             ... on level 8 of the Dungeon on Apr 12, 2016.
             The game lasted 00:33:39 (8684 turns).

Stendarr the Conjurer (Troll Fire Elementalist)     Turns: 8684, Time: 00:33:39

Health: -11/74     AC:  5    Str: 18    XL:     9   Next: 67%
Magic:  6/13       EV:  9    Int: 14    God:    Sif Muna [**....]
Gold:   208        SH:  0    Dex: 10    Spells: 5 memorised, 0 levels left

rFire  . . .     SeeInvis .     R - +2 dagger (elec)
rCold  . . .     Clarity  .     a - +0 robe
rNeg   . . .     SustAt   .     (no shield)
rPois  +         Gourm    +     (helmet restricted)
rElec  .         Spirit   .     (no cloak)
rCorr  .         Warding  .     (gloves unavailable)
rMut   .         Stasis   .     (boots unavailable)
MR     .....                    i - amulet of regeneration
Stlth  +.........               l - ring of wizardry
                                J - ring of poison resistance

@: not resistant to hostile enchantments, very unstealthy
A: unfitting armour, claws 3, fast metabolism 3, gourmand, regeneration 2,
shaggy fur 1, tough skin 2
a: Channel Energy, Forget Spell, Renounce Religion


You were on level 8 of the Dungeon.
You worshipped Sif Muna.
Sif Muna was pleased with you.
You were full.

You visited 2 branches of the dungeon, and saw 9 of its levels.
You also visited: Sewer.

You collected 208 gold pieces.

Inventory:

Hand Weapons
 t - a +0 blowgun
 K - a +1 short sword of speed
 O - a +2 dagger of venom
 R - a +2 dagger of electrocution (weapon)
Missiles
 u - 49 poisoned needles
 F - 7 needles of slowing
Armour
 a - a +0 robe (worn)
Jewellery
 e - a +4 ring of intelligence
 f - an uncursed ring of sustain attributes
 i - an amulet of regeneration (around neck)
 l - a ring of wizardry (right claw)
 q - an uncursed amulet of rage
 J - a ring of poison resistance (left claw)
Wands
 w - a wand of disintegration (10)
 G - a wand of lightning (9)
Scrolls
 k - a scroll of immolation {unknown}
 m - 3 scrolls of amnesia {unknown}
 n - 2 scrolls of enchant armour {unknown}
 o - a scroll of random uselessness {unknown}
 r - 4 scrolls of identify {unknown}
 s - 3 scrolls of recharging {unknown}
 x - a scroll of magic mapping {unknown}
 z - 2 scrolls of teleportation {unknown}
 I - 2 scrolls of remove curse
 M - a scroll of brand weapon {unknown}
 P - a scroll of enchant weapon {unknown}
Potions
 d - 2 potions of might {unknown}
 h - a potion of degeneration {unknown}
 v - 5 potions of curing {unknown}
 A - a potion of magic {unknown}
 C - 2 potions of flight {unknown}
 E - a potion of resistance {unknown}
 H - a potion of mutation {unknown}
 L - 3 potions of agility {unknown}
 N - a potion of brilliance {unknown}
Books
 b - a book of Flames

   Spells                             Type                      Level
   a - Flame Tongue                   Conjuration/Fire             1
   b - Throw Flame                    Conjuration/Fire             2
   c - Conjure Flame                  Conjuration/Fire             3
   d - Inner Flame                    Hexes/Fire                   3
   e - Sticky Flame                   Conjuration/Fire             4
   f - Fireball                       Conjuration/Fire             5
 y - a book of Transfigurations

   Spells                             Type                      Level
   a - Stoneskin                      Transmutation/Earth          2
   b - Irradiate                      Conjuration/Transmutation    5
   c - Statue Form                    Transmutation/Earth          6
   d - Hydra Form                     Transmutation                6
   e - Dragon Form                    Transmutation                7
Comestibles
 c - 8 bread rations
 g - 12 fruits
 j - 9 beef jerkies
 p - 2 meat rations
 B - a royal jelly
 D - a slice of pizza


   Skills:
 - Level 1.5 Dodging
 - Level 1.1 Stealth
 + Level 3.8 Spellcasting
 + Level 6.8 Conjurations
 + Level 6.3 Fire Magic
 + Level 3.0 Invocations


You couldn't memorise any spells.
You knew the following spells:

 Your Spells              Type           Power        Failure   Level  Hunger
a - Flame Tongue          Conj/Fire      ###..        1%          1    None
b - Conjure Flame         Conj/Fire      ###.....     1%          3    ###....
c - Sticky Flame          Conj/Fire      ###.....     6%          4    ####...
d - Throw Flame           Conj/Fire      ###...       1%          2    ##.....
e - Fireball              Conj/Fire      ###.......   16%         5    ######.


Dungeon Overview and Level Annotations

Branches:
Dungeon (8/15)             Temple (1/1) D:6
   Lair: D:8-11

Altars:
Cheibriados
Gozag
Kikubaaqudgha
Makhleb
Ru
Sif Muna
Trog
Vehumet
Xom
Yredelemnul


Innate Abilities, Weirdness & Mutations

You are too large for most types of armour.
You have claws for hands.
Your metabolism is lightning-fast.
You like to eat raw meat.
You heal very quickly.
You are covered in fur (AC +1).
You have very tough skin (AC +2).


Message History

Confirm with . or Enter, or press ? or * to list all spells.
Aiming: Sticky Flame
Press: ? - help, Shift-Dir - straight line, f/p - boulder beetle
Aim: a boulder beetle (moderately wounded, rolling)
The sticky flame hits the boulder beetle.
The boulder beetle appears unharmed.
The boulder beetle is moderately wounded.
The boulder beetle is covered in liquid flames!
The boulder beetle burns!
The boulder beetle smashes into you!
* * * LOW HITPOINT WARNING * * *
The boulder beetle stops rolling.
The boulder beetle burns!
The boulder beetle burns!
The boulder beetle curls into a ball and starts rolling!
The boulder beetle burns!
The boulder beetle burns!
The boulder beetle stops burning.
You see here a scroll labeled VESUEBL YMMOH.
The boulder beetle smashes into you!
Ouch! That really hurt!
You die...

..
#.
..
.##
..#
#.#
#.#
#@#
#B#
#§#
#§#
#.#
#.#
#.#
#.
#.#
#.
#.#


You could see a boulder beetle.

Vanquished Creatures
  The ghost of Breadlance the Blocker, a novice MiFi (D:7)
  A phantom (D:7)
  A sky beast (D:7)
  2 orc warriors
  9 ogres
  5 big kobolds
  3 giant frogs (D:7)
  A wyvern zombie (D:7)
  A scorpion (D:3)
  2 vampire bats (D:4)
  2 crimson imps
  2 jellies (D:7)
  An orc priest (D:3)
  3 hounds
  2 iguanas
  A centaur skeleton (D:5)
  6 orc wizards
  5 worker ants
  A killer bee zombie (D:6)
  2 hound zombies (D:7)
  2 hound skeletons
  11 adders
  6 gnolls
  2 river rats (Sewer)
  2 oozes (Sewer)
  2 adder skeletons (D:5)
  6 worms
  6 giant geckos
  26 orcs
  6 giant cockroaches
  7 goblins
  5 hobgoblins
  11 jackals
  5 ball pythons
  9 bats
  3 giant gecko skeletons
  A giant newt (D:1)
  13 kobolds
  A quokka skeleton (D:7)
  2 quokka zombies
  12 rats
189 creatures vanquished.

Vanquished Creatures (others)
  An ice beast (D:6)
  A human (D:3)
2 creatures vanquished.

Grand Total: 191 creatures vanquished

Notes
Turn   | Place    | Note
--------------------------------------------------------------
     0 | D:1      | Stendarr the Troll Fire Elementalist began the quest for the Orb.
     0 | D:1      | Reached XP level 1. HP: 16/16 MP: 1/1
   286 | D:1      | Reached skill level 1 in Conjurations
   359 | D:1      | Reached XP level 2. HP: 24/24 MP: 2/2
   722 | D:2      | Reached XP level 3. HP: 31/31 MP: 0/3
   865 | D:2      | Learned a level 3 spell: Conjure Flame
  1106 | D:2      | Found an opulent altar of Gozag.
  1394 | D:3      | Found a glowing drain.
  1398 | D:3      | Reached XP level 4. HP: 31/39 MP: 0/4
  1481 | D:3      | Reached skill level 3 in Conjurations
  1568 | Sewer    | Entered a sewer
  1585 | Sewer    | Noticed a big kobold
  1605 | Sewer    | Killed a big kobold
  1605 | Sewer    | Reached XP level 5. HP: 45/45 MP: 0/5
  1666 | Sewer    | Noticed a big kobold
  1675 | Sewer    | Killed a big kobold
  1675 | Sewer    | Reached XP level 6. HP: 49/53 MP: 0/6
  2052 | Sewer    | Reached skill level 4 in Conjurations
  2079 | Sewer    | Noticed a big kobold
  2088 | Sewer    | Killed a big kobold
  2443 | Sewer    | Noticed a big kobold
  2450 | Sewer    | Killed a big kobold
  2607 | D:3      | Noticed a scorpion
  2609 | D:3      | Killed a scorpion
  2921 | D:3      | Found an ancient bone altar of Kikubaaqudgha.
  2922 | D:3      | Noticed a human
  2925 | D:3      | Killed a human
  2991 | D:4      | Reached XP level 7. HP: 10/59 MP: 0/7
  3368 | D:4      | Learned a level 4 spell: Sticky Flame
  3543 | D:4      | Reached skill level 5 in Conjurations
  4260 | D:4      | Reached XP level 8. HP: 67/67 MP: 3/10
  4591 | D:5      | Entered Level 5 of the Dungeon
  4699 | D:5      | Reached skill level 5 in Fire Magic
  5644 | D:6      | Found a staircase to the Ecumenical Temple.
  5652 | Temple   | Entered the Ecumenical Temple
  5679 | Temple   | Became a worshipper of Sif Muna the Loreminder
  5913 | D:6      | Reached skill level 6 in Conjurations
  6752 | D:7      | Learned a level 2 spell: Throw Flame
  7032 | D:7      | Reached XP level 9. HP: 71/74 MP: 5/12
  7108 | D:7      | Reached * piety under Sif Muna
  7138 | D:7      | Reached skill level 1 in Invocations
  8292 | D:7      | Noticed Breadlance's ghost (novice MiFi)
  8307 | D:7      | Killed Breadlance's ghost
  8307 | D:7      | Reached ** piety under Sif Muna
  8392 | D:7      | Learned a level 5 spell: Fireball
  8684 | D:8      | Rolled over by a boulder beetle

Action                   |  1- 3 |  4- 6 |  7- 9 || total
-------------------------+-------+-------+-------++-------
Melee: Unarmed           |   100 |    92 |    93 ||   285
       Short sword       |       |       |    33 ||    33
       Dagger            |       |       |    87 ||    87
 Cast: Flame Tongue      |    10 |    76 |   183 ||   269
       Sticky Flame      |       |       |    19 ||    19
       Conjure Flame     |       |       |     6 ||     6
       Throw Flame       |       |       |     6 ||     6
Invok: Channel Energy    |       |       |     1 ||     1
  Use: Scroll            |     1 |       |       ||     1
  Eat: Chunk             |    19 |    19 |    59 ||    97
